 Dungeon Crawl Stone Soup version 0.28.0 (console) character file.

Game seed: 13440114681323442052

816 jejorda2 the Cutter (level 7, -3/57 HPs)
             Began as a Vine Stalker Berserker on Feb 17, 2022.
             Was a Priest of Trog.
             Slain by Duvessa (9 damage)
             ... on level 5 of the Dungeon.
             The game lasted 00:14:35 (4857 turns).

jejorda2 the Cutter (Vine Stalker Berserker)        Turns: 4857, Time: 00:14:36

Health: -3/57      AC: 11    Str: 21    XL:     7   Next: 94%
Magic:  0/8        EV:  8    Int:  7    God:    Trog [***...]
Gold:   155        SH:  0    Dex: 14    Spells: 6/6 levels left

rFire   . . .      SeeInvis .   a - +2 dagger (venom)
rCold   . . .      Faith    .   x - orb {light}
rNeg    . . .      Spirit   +   n - +1 chain mail {Will+}
rPois   .          Reflect  .   (no helmet)
rElec   .          Harm     .   (no cloak)
rCorr   .          Rampage  .   i - +0 pair of gloves
Will    +....                   (no boots)
Stlth   ..........              k - amulet of magic regeneration
HPRegen 0.99/turn               (no ring)
MPRegen 0.51/turn               (no ring)

@: berserking, glowing, very quick
A: fangs 2, regeneration 1, magic shield, antimagic bite, no potion heal 2
a: Renounce Religion, Berserk, Trog's Hand


You were on level 5 of the Dungeon.
You worshipped Trog.
Trog was most pleased with you.
You visited 1 branch of the dungeon, and saw 5 of its levels.
You also visited: Sewer and Ossuary.

You collected 216 gold pieces.
You spent 61 gold pieces at shops.

Inventory:

Hand Weapons
 a - a +2 dagger of venom (weapon)
 A - a +0 dagger
Missiles
 d - 241 stones (quivered)
 f - a throwing net
Armour
 i - a +0 pair of gloves (worn)
 n - a +1 chain mail of willpower (worn)
 x - an orb of light (worn)
Jewellery
 k - an amulet of magic regeneration (around neck)
Wands
 p - a wand of polymorph (8)
 v - a wand of mindburst (20)
Scrolls
 b - a scroll of teleportation
 g - 3 scrolls of enchant armour {unknown}
 j - 2 scrolls of enchant weapon {unknown}
 m - 2 scrolls of immolation {unknown}
 q - 2 scrolls of holy word {unknown}
 s - a scroll of brand weapon {unknown}
 u - 2 scrolls of noise {unknown}
 w - a scroll of torment {unknown}
 y - 4 scrolls of blinking {unknown}
 z - a scroll of fog {unknown}
Potions
 c - a potion of attraction {unknown}
 e - a potion of resistance {unknown}
 h - 5 potions of might
 l - a potion of lignification
 o - 6 potions of curing
 r - a potion of mutation {unknown}
 t - 3 potions of invisibility
 B - a potion of cancellation {unknown}


   Skills:
 + Level 4.7 Fighting
 * Level 6.2 Short Blades
 + Level 3.8 Armour
 - Level 1.5 Dodging


You had 6 spell levels left.
You didn't know any spells.
Your spell library was empty.

Dungeon Overview and Level Annotations

Branches:
Dungeon (5/15)             Temple (0/1) D:4           Sewer (visited)
Ossuary (visited)

Altars:
Gozag
Makhleb

Shops:
D:1 *   D:2 (:*[*

Annotations:
D:5 Duvessa


Innate Abilities, Weirdness & Mutations

You have extremely sharp teeth.
Your natural rate of healing is unusually fast.
When hurt, damage is shared between your health and your magic reserves.
Your bite disrupts and absorbs the magic of your enemies.
Potions cannot restore your health.


Message History

Duvessa is lightly wounded.
Duvessa hits you with a +0 short sword.
You hit Duvessa but do no damage.
Duvessa looks as sick as possible!
Duvessa is lightly wounded.
Duvessa barely misses you.
You hit Duvessa.
Duvessa looks as sick as possible!
Duvessa is moderately wounded.
Duvessa hits you with a +0 short sword! x2
You hit Duvessa but do no damage. You bite Duvessa. You drain her power.
You feel invigorated.
Duvessa is heavily wounded.
Duvessa hits you but does no damage.
You completely miss Duvessa. You bite Duvessa. You drain her power.
You feel invigorated.
Duvessa is heavily wounded.
Duvessa hits you with a +0 short sword!
You hit Duvessa but do no damage.
Duvessa looks as sick as possible!
Duvessa is heavily wounded.
Duvessa hits you but does no damage.
You hit Duvessa.
Duvessa is severely wounded.
Duvessa hits you with a +0 short sword!
* * * LOW HITPOINT WARNING * * *
You hit Duvessa but do no damage.
Duvessa looks as sick as possible!
Your bite misses Duvessa.
Duvessa is severely wounded.
Duvessa hits you but does no damage.
You hit Duvessa but do no damage.
Duvessa is severely wounded.
Duvessa barely misses you.
You completely miss Duvessa.
Duvessa is almost dead.
Duvessa hits you with a +0 short sword.
* * * LOW HITPOINT WARNING * * *
A red film seems to cover your vision as you go berserk!
You feel yourself moving faster!
You feel mighty! Duvessa hits you with a +0 short sword!
* * * LOW HITPOINT WARNING * * *
Duvessa hits you with a +0 short sword!
You die...

##### . #...# ... #...#
.....#########...#####
......Ze@............##
.....#########...###..#
... ########.†.####.###
. ...................
################.##
#..# ##.# #.# #.#


You could see Duvessa (berserk, extremely poisoned) and a bullfrog zombie.

Vanquished Creatures
  Pargi (Sewer)
  A centaur (D:5)
  5 water moccasin zombies (Ossuary)
  Dowan (D:5)
  A centaur skeleton (D:5)
  2 iguanas
  An orc wizard (D:5)
  2 mummies (Ossuary)
  3 adders
  4 adder zombies (Ossuary)
  3 worms
  4 dart slugs
  4 orcs (D:5)
  9 ball pythons
  14 endoplasms
  5 giant cockroaches
  7 goblins
  3 hobgoblins
  12 jackals
  8 quokkas
  8 bats
  7 frilled lizards
  3 gnoll zombies (Ossuary)
  6 hobgoblin zombies (Ossuary)
  5 kobolds
  6 kobold zombies (Ossuary)
  4 orc zombies (Ossuary)
  6 rats
135 creatures vanquished.

Vanquished Creatures (others)
  2 plants (D:1)
2 creatures vanquished.

Grand Total: 137 creatures vanquished

Notes
Turn   | Place    | Note
-------+----------+-------------------------------------------
     0 | D:1      | jejorda2 the Vine Stalker Berserker began the quest for the
                  | Orb.
     0 | D:1      | Reached XP level 1. HP: 11/11 MP: 2/2
    27 | D:1      | Found Bemeyp's General Store.
   226 | D:1      | You fall into a shaft and drop 1 floor!
   246 | D:2      | Reached skill level 3 in Short Blades
   246 | D:2      | Reached XP level 2. HP: 16/16 MP: 3/3
   361 | D:2      | Found Idutzuj's Armour Shop.
   715 | D:1      | Reached XP level 3. HP: 15/20 MP: 4/4
  1504 | D:1      | Found a faded altar of an unknown god.
  1942 | D:1      | Reached ** piety under Trog
  1947 | D:1      | Gained mutation: Your natural rate of healing is unusually
                  | fast. [Vine Stalker growth]
  1947 | D:1      | Reached XP level 4. HP: 17/24 MP: 5/5
  2121 | D:1      | Bought a scroll of identify for 28 gold pieces
  2205 | D:2      | Found Laijuhig's Book Shop.
  2462 | D:2      | Found Soowoist's General Store.
  2497 | D:2      | Bought a scroll of teleportation for 33 gold pieces
  2526 | D:2      | Found Atium's General Store.
  2701 | D:2      | Found Qorphim's Weapon Shop.
  3199 | D:3      | Found a burning altar of Makhleb.
  3405 | D:4      | Found a sand-covered staircase.
  3413 | Ossuary  | Entered an ossuary
  3442 | Ossuary  | Reached skill level 4 in Short Blades
  3442 | Ossuary  | Reached XP level 5. HP: 27/28 MP: 6/6
  3524 | Ossuary  | Reached XP level 6. HP: 29/33 MP: 7/7
  3589 | Ossuary  | Reached skill level 5 in Short Blades
  3612 | Ossuary  | Reached *** piety under Trog
  3842 | D:4      | Reached XP level 7. HP: 36/37 MP: 8/8
  4039 | D:4      | Found a staircase to the Ecumenical Temple.
  4451 | D:5      | Entered Level 5 of the Dungeon
  4467 | D:5      | Found an opulent altar of Gozag.
  4495 | D:5      | Found a glowing drain.
  4504 | Sewer    | Entered a sewer
  4517 | Sewer    | Noticed Pargi
  4524 | Sewer    | Killed Pargi
  4739 | D:5      | Reached skill level 6 in Short Blades
  4834 | D:5      | Noticed Dowan
  4835 | D:5      | Noticed Duvessa
  4845 | D:5      | Killed Dowan
  4857 | D:5      | Slain by Duvessa

Illustrated notes

Levels and vault maps discovered:
D:1:      doesnt_arrival_eight_statues, layout_basic,
          shapermc_ecumenical_altar_gd, serial_shops, nicolae_shop_behind_doors,
          minmay_quantized
D:2:      layout_basic, serial_shops, shop, shop,
          nicolae_shop_bloodbath_and_beyond, shop, nicolae_shop_waterfront,
          hangedman_abyss_or_decor_lesser_grid
D:3:      layout_basic, bloody_makhleb
D:4:      layout_gridville, minmay_temple_entry_arrows,
          chequers_ossuary_entry_cave, eino_small_chamber_without_monster
D:5:      layout_basic, mainiacjoe_overflow_six_doors_small,
          cheibrodos_sewer_entry_drain, uniq_duvessa

Skill      XL: |  1  2  3  4  5  6  7 |
---------------+----------------------+-----
Short Blades   | 3 4 5 6 |  6.2
Fighting       | 3 4 |  4.7
Armour         | 2 3 |  3.8
Dodging        | |  1.5

Action                   |  1- 3 |  4- 6 |  7- 9 || total
-------------------------+-------+-------+-------++-------
Melee: Short sword       |    28 |       |       ||    28
       Bite              |    25 |   100 |    36 ||   161
       Dagger            |    83 |   297 |   125 ||   505
       Punch             |     2 |     6 |     1 ||     9
Throw: Stone             |    10 |       |       ||    10
Invok: Berserk           |     1 |     2 |     3 ||     6
       Trog's Hand       |       |       |     1 ||     1
  Use: Scroll            |       |     4 |     2 ||     6
 Stab: Sleeping          |     1 |       |       ||     1
Armor: Animal skin       |    14 |    11 |       ||    25
       Chain mail        |       |   100 |    52 ||   152
Dodge: Dodged            |    60 |   109 |    56 ||   225
